 Dungeon Crawl Stone Soup version 0.13.0-25-g43d4df3 (webtiles) character file.

172 Kae the Chiller (level 4, -4/33 HPs)
             Began as a Draconian Ice Elementalist on Oct 28, 2013.
             Slain by a black bear (6 damage)
             ... on Level 3 of the Dungeon.
             The game lasted 00:04:46 (1957 turns).

Kae the Chiller (Draconian Ice Elementalist)        Turns: 1957, Time: 00:04:46

HP  -4/33        AC  6     Str 10      XL: 4   Next: 17%
MP   0/7         EV 12     Int 17      God:
Gold 93          SH  0     Dex 11      Spells:  2 memorised,  2 levels left

Res.Fire  : . . .   See Invis. : .   o - +0 dwarf dagger
Res.Cold  : . . .   Warding    : .   (armour unavailable)
Life Prot.: . . .   Conserve   : .   (no shield)
Res.Poison: .       Res.Corr.  : .   (helmet restricted)
Res.Elec. : .       Clarity    : .   d - +0 cloak
Sust.Abil.: . .     Spirit.Shd : .   (no gloves)
Res.Mut.  : .       Stasis     : .   (no boots)
Res.Rott. : .       Flight     : .   (no amulet)
Saprovore : . . .                    (no ring)
                                     (no ring)

@: slightly resistant to hostile enchantments, unstealthy
A: unfitting armour, AC +5
a: no special abilities


You were on level 3 of the Dungeon.
You were not hungry.

You visited 1 branch of the dungeon, and saw 3 of its levels.

You collected 73 gold pieces.

Inventory:

Hand weapons
 o - a +0,+0 dwarven dagger (weapon)
Missiles
 a - 88 darts (quivered)
 f - 12 darts of dispersal
 n - a silver dart
Armour
 d - a +0 cloak (worn)
Comestibles
 c - a bread ration
 l - 2 pears
 m - a cheese
Scrolls
 g - a scroll of amnesia {unknown}
 h - a scroll of fog {unknown}
 j - 2 scrolls of curse jewellery {unknown}
 q - a scroll of identify {unknown}
Potions
 i - a potion of mutation {unknown}
 k - a potion of heal wounds {unknown}
 p - a potion of brilliance {unknown}
Books
 b - a book of Frost

   Spells                             Type                      Level
   *Freeze                            Ice                          1
   *Throw Frost                       Conjuration/Ice              2
   Ozocubu's Armour                   Charms/Ice                   3
   Throw Icicle                       Conjuration/Ice              4
   Summon Ice Beast                   Ice/Summoning                4
   Condensation Shield                Ice                          4


   Skills:
 - Level 1.7 Dodging
 - Level 1.7 Stealth
 + Level 1.4 Spellcasting
 * Level 2.3 Conjurations
 * Level 4.2 Ice Magic


You had 2 spell levels left.
You knew the following spells:

 Your Spells              Type           Power        Failure   Level  Hunger
a - Freeze                Ice            ###.         3%          1    ##.....
b - Throw Frost           Conj/Ice       ##....       10%         2    ###....


Dungeon Overview and Level Annotations

Branches:
Dungeon (3/27)

Altars:


Message History

The black bear barely misses you. The black bear misses you.
The black bear bites you but does no damage.
The black bear closely misses you. The black bear claws you.
* * * LOW HITPOINT WARNING * * *
Casting: Freeze
Confirm with . or Enter, or press ? or * to list all spells.
Aiming: Freeze
Press: ? - help, Shift-Dir - straight line, f/p - black bear
Aim: a black bear (almost dead, berserk)
You freeze the black bear.
The black bear is almost dead.
The black bear bites you.
* * * LOW HITPOINT WARNING * * *
The black bear barely misses you.
The black bear claws you but does no damage.
The black bear barely misses you. The black bear claws you.
* * * LOW HITPOINT WARNING * * *
The black bear claws you.
You die...

..# #..# .g. ..#########.# #.
..#...!g..#.#
#..####.#.#####U#.# ###
#.......#.# #@#.# ##.#######
##.##....#.# #.#.# .........#
.........#.#
#.#.#.####..####.#
##.###...#g# #.#.#
...#..#....#
#...g?.#####.#.####.#.......#
####.........%...............
#............#.#....#.#<#.###
##.#.#########.#.####.#...#..
#.#.# #.#.# #.#.#.#.#


You could see a black bear (berserk).

Vanquished Creatures
  2 adders (D:2)
  An ooze (D:3)
  A ball python (D:1)
  10 bats
  A giant cockroach (D:2)
  8 hobgoblins
  6 jackals
  5 kobolds
  3 quokkas
  3 giant geckos
  2 giant newts
  6 goblins
  8 rats
56 creatures vanquished.

Notes
Turn   | Place    | Note
--------------------------------------------------------------
     0 | D:1      | Kae, the Draconian Ice Elementalist, began the quest for the Orb.
     0 | D:1      | Reached XP level 1. HP: 14/14 MP: 3/3
   273 | D:1      | Reached XP level 2. HP: 10/20 MP: 0/4
   423 | D:1      | Learned a level 2 spell: Throw Frost
  1082 | D:2      | Reached XP level 3. HP: 14/26 MP: 0/5
  1285 | D:2      | Reached skill level 4 in Ice Magic
  1534 | D:2      | Reached XP level 4. HP: 25/33 MP: 0/7
  1929 | D:3      | Noticed a black bear
  1951 | D:3      | HP: 1/33 [black bear (5)]
  1957 | D:3      | Slain by a black bear

Action                   |  1- 3 |  4- 6 || total
-------------------------+-------+-------++-------
Melee: Unarmed           |    99 |       ||    99
       Dagger            |    41 |    35 ||    76
 Cast: Freeze            |    44 |    16 ||    60
       Throw Frost       |     6 |       ||     6
  Use: Potion            |       |     2 ||     2
 Stab: Sleeping          |     1 |     2 ||     3
